 Dungeon Crawl Stone Soup version 0.17-a0-2027-gcac42c4 (webtiles) character file.

43 Kel the Skirmisher (level 3, -3/30 HPs)
             Began as a Formicid Abyssal Knight on Oct 10, 2015.
             Was a Follower of Lugonu.
             Slain by Sigmund
             ... wielding a +0 scythe
              (4 damage)
             ... on level 2 of the Dungeon.
             The game lasted 00:04:00 (1411 turns).

Kel the Skirmisher (Formicid Abyssal Knight)        Turns: 1411, Time: 00:04:00

Health: -3/30      AC: 11    Str: 16    XL:     3   Next: 82%
Magic:  4/4        EV:  5    Int: 11    God:    Lugonu [*.....]
Gold:   96         SH:  0    Dex: 11    Spells: 0 memorised, 2 levels left

rFire  . . .     SeeInvis +     a - +1 hand axe
rCold  + . .     Clarity  .     i - +0 plate armour {rC+}
rNeg   . . .     SustAt   .     (no shield)
rPois  .         Gourm    .     (helmet unavailable)
rElec  .         Spirit   .     (no cloak)
rCorr  .         Warding  .     (no gloves)
rMut   .         Stasis   +     (no boots)
MR     .....                    (no amulet)
Stlth  ..........               (no ring)
                                (no ring)

@: confused, not resistant to hostile enchantments, extremely unstealthy
A: permanent stasis, dig shafts and tunnels, four strong arms, antennae 3
a: Dig, Shaft Self, Depart the Abyss, Renounce Religion


You were on level 2 of the Dungeon.
You worshipped Lugonu.
Lugonu was aware of your devotion.
You were hungry.

You visited 1 branch of the dungeon, and saw 2 of its levels.
You visited the Abyss 1 time.

You collected 96 gold pieces.

Inventory:

Hand Weapons
 a - a +1 hand axe (weapon)
Armour
 i - a +0 plate armour of cold resistance (worn)
Scrolls
 b - a scroll of magic mapping {unknown}
 e - 2 scrolls of teleportation {unknown}
 f - a scroll of enchant armour {unknown}
 j - a scroll of identify {unknown}
 k - a scroll of enchant weapon {unknown}
Comestibles
 c - 2 bread rations
 g - a slice of pizza


   Skills:
 + Level 3.8 Fighting
 + Level 2.3 Axes
 + Level 2.7 Armour
 + Level 1.2 Dodging
 + Level 0.3 Stealth
 + Level 2.6 Invocations


You had 2 spell levels left.
You didn't know any spells.

Dungeon Overview and Level Annotations

Branches:
Dungeon (2/15)

Altars:

Annotations:
D:2 Sigmund


Innate Abilities, Weirdness & Mutations

You are under a permanent stasis effect.
You can dig through walls and to a lower floor.
Your four strong arms can wield two-handed weapons with a shield.
You have a pair of large antennae on your head (SInv).


Message History

Sigmund hits you with a scythe.
* * * LOW HITPOINT WARNING * * *
You're too confused!
Eat which item? (? for menu, Esc to quit)
You don't have any such object.
Eat which item? (? for menu, Esc to quit)
Huh?
Eat which item? (? for menu, Esc to quit)
Huh?
Eat which item? (? for menu, Esc to quit)
Huh?
Eat which item? (? for menu, Esc to quit)
Okay, then.
Unknown command.
Unknown command.
You see here a ball python corpse.
You bump into the rock wall.
Sigmund hits you with a scythe.
* * * LOW HITPOINT WARNING * * *
You're too confused to move!
Sigmund hits you with a scythe.
You die...

######## ##......##
#......<.# ### #
#..(.....# #.# .
####........####.#######
............@s..........
####......†@####.#######
#.......<# #..##
#........###...#
#..........#.#.#
##......##...#.#
###.######..#@# ..)#
#..#.# # ###.. ##(#.#
.#### #.. ##...##.....#


You could see Sigmund (invisible) and a giant cockroach.

Vanquished Creatures
  A gnoll (D:1)
  2 worms (D:2)
  A ball python (D:2)
  2 bats
  3 giant cockroaches
  2 goblins (D:1)
  6 hobgoblins
  A kobold (D:1)
  A giant gecko (D:1)
  3 jackals (D:1)
  3 rats
25 creatures vanquished.

Notes
Turn   | Place    | Note
--------------------------------------------------------------
     0 | Abyss:1  | Kel the Formicid Abyssal Knight began the quest for the Orb.
     0 | Abyss:1  | Reached XP level 1. HP: 18/18 MP: 2/2
     8 | Abyss:1  | Found a corrupted altar of Lugonu.
    34 | Abyss:1  | Noticed a spatial maelstrom
    40 | Abyss:1  | Noticed a thrashing horror
    46 | D:1      | Escaped the Abyss
   455 | D:1      | Reached XP level 2. HP: 20/24 MP: 3/3
   765 | D:1      | Reached skill level 1 in Dodging
   950 | D:1      | Reached XP level 3. HP: 26/30 MP: 4/4
   954 | D:1      | Acquired Lugonu's first power
  1345 | D:2      | Noticed Sigmund
  1408 | D:2      | HP: 1/30 [Sigmund/scythe (5)]
  1411 | D:2      | Slain by Sigmund

Vault maps used:
D:1:      dpeg_arrival_court, minivault_4, minmay_misc_feat_diagonals
D:2:      uniq_sigmund
Abyss:1:  evilmike_abyss_exit_16

Action                   || total
-------------------------++-------
Melee: Hand axe          ||   106
Invok: Depart the Abyss  ||     1
  Use: Potion            ||     2
 Stab: Sleeping          ||     1
  Eat: Chunk             ||     1
